 Dungeon Crawl Stone Soup version 0.20.1-1-g8b1a95d (webtiles) character file.

121 smedtjen the Firebug (level 4, -1/34 HPs)
             Began as a Demigod Fire Elementalist on Nov 7, 2017.
             Slain by Grinder (5 damage)
             ... while paralysed by Grinder
             ... on level 3 of the Dungeon.
             The game lasted 00:13:14 (2385 turns).

smedtjen the Firebug (Demigod Fire Elementalist)    Turns: 2385, Time: 00:13:15

Health: -1/34      AC:  4    Str: 11    XL:     4   Next: 48%
Magic:  1/10       EV:  2    Int: 21    God:
Gold:   150        SH:  0    Dex: 16    Spells: 2/7 levels left

rFire    . . .     SeeInvis .   d - +0 spear
rCold    . . .     Gourm    .   (no shield)
rNeg     . . .     Faith    .   q - +0 leather armour
rPois    .         Spirit   .   (no helmet)
rElec    .         Reflect  .   (no cloak)
rCorr    .         Harm     .   o - +0 pair of gloves
MR       .....                  (no boots)
Stlth    ++........             (no amulet)
Regen    0.2/turn               (no ring)
MPRegen  0.2/turn               (no ring)

@: paralysed
A: high mp 1
a: no special abilities


You were on level 3 of the Dungeon.
You were not hungry.

You visited 1 branch of the dungeon, and saw 4 of its levels.

You collected 150 gold pieces.

Inventory:

Hand Weapons
 d - a +0 spear (weapon)
 f - a +0 short sword
 g - a +0 short sword
 i - a +0 fustibalus
 r - a +0 hunting sling
Missiles
 n - 29 bolts (quivered)
 u - 53 stones
Armour
 e - a +1 robe
 o - a +0 pair of gloves (worn)
 q - a +0 leather armour (worn)
Scrolls
 h - a scroll of amnesia
 p - 2 scrolls of remove curse
Potions
 a - a potion of cancellation {unknown}
 k - a potion of curing {unknown}
 l - a potion of flight {unknown}
 v - a potion of lignification {unknown}
Books
 b - a book of Flames

   Spells                             Type                      Level
   a - Flame Tongue                   Conjuration/Fire             1
   b - Throw Flame                    Conjuration/Fire             2
   c - Conjure Flame                  Conjuration/Fire             3
   d - Inner Flame                    Hexes/Fire                   3
   e - Sticky Flame                   Conjuration/Fire             4
   f - Fireball                       Conjuration/Fire             5
Comestibles
 c - a bread ration
 j - 2 fruits
 m - a royal jelly
 t - 3 chunks of flesh


   Skills:
 + Level 0.3 Fighting
 + Level 0.8 Polearms
 + Level 2.3 Dodging
 - Level 1.7 Stealth
 + Level 2.4 Spellcasting
 + Level 2.1 Conjurations
 + Level 3.5 Fire Magic


You had 2 spell levels left.
You knew the following spells:

 Your Spells              Type           Power        Failure   Level  Hunger
b - Throw Flame           Conj/Fire      ##....       9%          2    ##.....
c - Conjure Flame         Conj/Fire      ##......     17%         3    ###....


Dungeon Overview and Level Annotations

Branches:
Dungeon (4/15)
 Temple: D:4-7

Annotations:
D:3 Grinder; smedtjen's ghost, amateur OgBe


Innate Abilities, Weirdness & Mutations

You have an increased reservoir of magic. (+10% MP)


Message History

The jackal barks!
Grinder hits you but does no damage.
A jackal comes into view.
The jackal barks!
You hit Grinder.
Grinder is lightly wounded.
Grinder hits you!
You writhe in agony.
You hit Grinder.
Grinder is lightly wounded.
Grinder closely misses you. The orc hits you with a flail.
* * * LOW HITPOINT WARNING * * *
A jackal comes into view.
You hit Grinder.
Grinder is moderately wounded.
Grinder gestures at you.
You suddenly lose the ability to move!
The jackal moves out of view.
The orc hits you with a flail.
* * * LOW HITPOINT WARNING * * *
Grinder hits you.
You die...

#.# *,,* *****,* *,*
#.# *,,* *,* *,* #.#
*,,* ****,# *,* #.#
*,,* ##,##.# *,* #.#
*,,*##.#.#.* *,* #.#
*,,,,....h,* *,* #.#
*,**##.h.######***,*
#.## *,*
#<.5h..[...,,,,*
#..#
*,***,#@#***********
##.# *,,,,,#o# #.#
*,****#o# #.# *,*
#o# #.#
#.#####.#####
####.##
#...........#
......#
#######.###.#
####..# #.# #.#
#..##########.# #.#


You could see Grinder, an orc priest, 2 orcs and 3 jackals.

Vanquished Creatures
  5 adders (D:3)
  An ooze (D:1)
  A worm (D:4)
  2 dart slugs (D:1)
  8 orcs
  4 bats
  2 giant cockroaches
  3 goblins
  7 hobgoblins
  5 jackals
  6 kobolds
  2 ball pythons
  3 frilled lizards
  A quokka skeleton (D:4)
  7 rats
57 creatures vanquished.

Notes
Turn   | Place    | Note
-------+----------+-------------------------------------------
     0 | D:1      | smedtjen the Demigod Fire Elementalist began the quest for the Orb.
     0 | D:1      | Reached XP level 1. HP: 14/14 MP: 5/5
    31 | D:1      | Reached skill level 1 in Conjurations
   410 | D:1      | Reached skill level 3 in Fire Magic
   825 | D:1      | Reached XP level 2. HP: 20/20 MP: 5/7
  1232 | D:1      | Reached XP level 3. HP: 25/26 MP: 4/8
  1236 | D:1      | Learned a level 2 spell: Throw Flame
  1314 | D:2      | Found a shimmering altar of Xom.
  1417 | D:2      | You fall through a shaft!
  1593 | D:3      | Noticed smedtjen's ghost (amateur OgBe)
  1652 | D:4      | Reached XP level 4. HP: 17/33 MP: 1/10
  1882 | D:4      | Found a shimmering altar of Xom.
  1892 | D:4      | Found a shadowy altar of Dithmenos.
  1893 | D:4      | Found a stormy altar of Qazlal.
  1894 | D:4      | Found a blossoming altar of Fedhas.
  1894 | D:4      | Found a hazy altar of Hepliaklqana.
  1894 | D:4      | Found a glowing golden altar of the Shining One.
  1895 | D:4      | Found a deep blue altar of Sif Muna.
  1896 | D:4      | Found a white marble altar of Elyvilon.
  1905 | D:4      | Found a glowing silver altar of Zin.
  2175 | D:3      | Learned a level 3 spell: Conjure Flame
  2376 | D:3      | Noticed Grinder
  2379 | D:3      | Paralysed by Grinder for 2 turns
  2384 | D:3      | Paralysed by Grinder for 7 turns
  2385 | D:3      | Slain by Grinder

Skill      XL: |  1  2  3  4 |
---------------+-------------+-----
Conjurations   | 1 2 |  2.1
Fire Magic     | 3 |  3.5
Dodging        | 2 |  2.3
Spellcasting   | 2 |  2.4
Fighting       | |  0.3
Polearms       | |  0.8
Stealth        | |  1.7

Action                   |  1- 3 |  4- 6 || total
-------------------------+-------+-------++-------
Melee: Short sword       |    13 |       ||    13
       Unarmed           |    10 |       ||    10
       Spear             |    32 |     9 ||    41
 Cast: Flame Tongue      |    46 |    14 ||    60
       Throw Flame       |    16 |    15 ||    31
       Conjure Flame     |       |     1 ||     1
  Use: Scroll            |     4 |     3 ||     7
  Eat: Chunk             |     4 |     1 ||     5
       Meat ration       |       |     1 ||     1
Armor: Robe              |    20 |       ||    20
       Leather armour    |     6 |     3 ||     9
Dodge: Dodged            |    60 |     6 ||    66
